 Dungeon Crawl Stone Soup version 0.29-a0-113-g078de9bc30 (webtiles) character file.

Game seed: 3466701691195391287

23507 frimble the Frost Mage (level 13, -3/98 HPs)
             Began as a Gnoll Ice Elementalist on Feb 19, 2022.
             Was a Follower of Cheibriados.
             Slain by a death knight (15 damage)
             ... on level 12 of the Dungeon.
             The game lasted 00:23:15 (16280 turns).

frimble the Frost Mage (Gnoll Ice Elementalist)    Turns: 16280, Time: 00:23:16

Health: -3/98      AC: 27    Str: 15    XL:     13   Next: 7%
Magic:  21/26      EV: 17    Int: 20    God:    Cheibriados [*.....]
Gold:   531        SH:  0    Dex: 17    Spells: 18/30 levels left

rFire   . . .      SeeInvis .   z - +6 double sword (protect)
rCold   . . .      Faith    .   (no shield)
rNeg    . . .      Spirit   .   K - +2 troll leather armour
rPois   +          Reflect  .   i - +0 helmet
rElec   .          Harm     .   l - +2 cloak {rCorr}
rCorr   +          Rampage  .   H - +2 pair of gloves {Str+3}
Will    .....                   m - +0 pair of boots
Stlth   ++++......              (no amulet)
HPRegen 1.06/turn               b - ring of poison resistance
MPRegen 0.20/turn               C - +4 ring of protection

@: ice-armoured, freezing walls, very slow
A: fangs 1, strong nose, distributed training
a: Renounce Religion, Bend Time


You were on level 12 of the Dungeon.
You worshipped Cheibriados.
Cheibriados was aware of your devotion.
You visited 2 branches of the dungeon, and saw 13 of its levels.
You also visited: Bailey.

You collected 791 gold pieces.
You spent 260 gold pieces at shops.

Inventory:

Hand Weapons
 y - a +1 dagger of draining
 z - a +6 double sword of protection (weapon)
 A - a +3 flail
 E - a +3 vorpal scimitar
Missiles
 f - 18 boomerangs
 Q - 7 javelins
Armour
 h - a +2 leather armour of poison resistance
 i - a +0 helmet (worn)
 l - a +2 cloak of preservation (worn)
 m - a +0 pair of boots (worn)
 t - the +4 scale mail of the Salmon {rF+ rCorr}
   (You found it on level 3 of the Dungeon)

   rF:        It protects you from fire.
   rCorr:     It protects you from acid and corrosion.
 H - a +2 pair of gloves of strength (worn)
 K - a +2 troll leather armour (worn)
Jewellery
 a - a ring of protection from fire
 b - a ring of poison resistance (left hand)
 C - a +4 ring of protection (right hand)
 F - a ring of positive energy
 G - a +4 ring of evasion
Wands
 j - a wand of flame (8)
 o - a wand of digging (3)
 s - a wand of iceblast (18)
 J - a wand of paralysis (4)
 L - a wand of acid (1)
Scrolls
 c - 2 scrolls of magic mapping
 e - a scroll of holy word
 r - a scroll of teleportation
 M - a scroll of identify
 O - 2 scrolls of immolation
 P - 2 scrolls of amnesia
Potions
 d - a potion of cancellation
 g - a potion of resistance
 k - 3 potions of haste
 n - a potion of degeneration
 p - 3 potions of ambrosia
 q - 4 potions of lignification
 u - a potion of mutation
 v - 7 potions of might
 w - 2 potions of flight {unknown}
 B - 2 potions of magic
 D - 5 potions of curing
 I - a potion of berserk rage
 N - a potion of invisibility {unknown}


   Skills:
 + Level 7.9 Fighting
 + Level 7.9 Short Blades
 + Level 7.9 Long Blades
 + Level 7.9 Axes
 + Level 7.9 Maces & Flails
 + Level 7.9 Polearms
 + Level 7.9 Staves
 + Level 7.9 Slings
 + Level 7.9 Bows
 + Level 7.9 Crossbows
 + Level 7.9 Throwing
 + Level 7.9 Armour
 + Level 9.2 Dodging
 + Level 9.0 Stealth
 + Level 7.9 Shields
 + Level 7.9 Unarmed Combat
 + Level 9.4 Spellcasting
 + Level 6.6 Conjurations
 + Level 6.6 Hexes
 + Level 6.6 Summonings
 + Level 6.6 Necromancy
 + Level 6.6 Translocations
 + Level 6.6 Transmutations
 + Level 6.6 Fire Magic
 + Level 9.8 Ice Magic
 + Level 6.6 Air Magic
 + Level 6.6 Earth Magic
 + Level 6.6 Poison Magic
 + Level 8.7 Invocations
 + Level 7.9 Evocations


You had 18 spell levels left.
You knew the following spells:

 Your Spells              Type           Power      Damage    Failure   Level
a - Freeze                Ice            100%       1d11      1%          1
b - Frozen Ramparts       Ice            96%        1d11      1%          3
c - Ozocubu's Armour      Ice            48%        N/A       1%          3
d - Hailstorm             Conj/Ice       42%        3d10      3%          4
e - Apportation           Tloc           70%        N/A       1%          1

Your spell library contained the following spells:

 Spells                   Type           Power      Damage    Failure   Level
 Corpse Rot               Necr/Air       70%        N/A       1%          2
 Poisonous Vapours        Pois/Air       70%        N/A       1%          2
 Dispel Undead            Necr           35%        3d15      6%          4
 Alistair's Intoxication  Tmut/Pois      23%        N/A       16%         5
 Death Channel            Necr           17%        N/A       65%         6
 Dispersal                Tloc           17%        N/A       65%         6
 Disjunction              Tloc           17%        N/A       100%        8


Dungeon Overview and Level Annotations

Branches:
Dungeon (12/15)            Temple (1/1) D:7            Lair (0/6) D:8
    Orc (0/2) D:10         Bailey (visited)

Altars:
Ashenzari
Cheibriados
Dithmenos
Elyvilon
Fedhas
Gozag
Hepliaklqana
Kikubaaqudgha
Makhleb
Nemelex Xobeh
Okawaru
Qazlal
Ru
Sif Muna
Trog
Uskayaw
Vehumet
Wu Jian
Xom
Yredelemnul
Zin
The Shining One

Shops:
D:8 (   D:11 !*

Portals:
Trove: D:10 (give 7 potions of haste)

Annotations:
D:9 1 runed translucent door
D:11 3 runed translucent doors


Innate Abilities, Weirdness & Mutations

You have very sharp teeth.
Your uncanny sense of smell can sniff out nearby items.
Your experience applies equally to all skills.


Message History

Your body is wracked with pain!
Casting: Frozen Ramparts (safe; 1% risk of failure)
Confirm with . or Enter, or press ? or * to list all spells.
A film of ice covers your body!
The wall freezes the death knight!
The death knight offers itself to Yredelemnul, and fills with unholy energy.
You slash the death knight!
You bite the death knight, but do no damage.
The death knight is moderately wounded.
The death knight reflects your damage back at you!
The wall freezes the death knight!
The death knight hits you but does no damage.
The death knight reflects your damage back at you!
* * * LOW HITPOINT WARNING * * *
Okay, then.
Unknown command.
You remove your ring of protection from fire.
b - a ring of poison resistance (left hand)
The wall freezes the death knight!
The death knight hits you but does no damage.
The death knight reflects your damage back at you!
* * * LOW HITPOINT WARNING * * *
You feel much better.
The wall freezes the death knight.
The death knight hits you with a +0 great sword.
The death knight reflects your damage back at you!
The wall freezes the death knight!
The death knight hits you but does no damage.
The death knight reflects your damage back at you!
The wall freezes the death knight.
The death knight hits you with a +0 great sword!!
* * * LOW HITPOINT WARNING * * *
The death knight reflects your damage back at you!
* * * LOW HITPOINT WARNING * * *
The wall freezes the death knight.
The death knight hits you with a +0 great sword!
* * * LOW HITPOINT WARNING * * *
The death knight reflects your damage back at you!
* * * LOW HITPOINT WARNING * * *
You feel better.
The wall freezes the death knight.
The death knight hits you with a +0 great sword!
You die...

#>.......##................
#........##..............#.
#........##.............)#.
##########################.
########################.......#.
.......................#.......#.
####################'###.......##
#.....[...................(..
#...........@####............
#...........p####.).......... #
###............................ #
#......######...####'########## #
#......#....#...#.............. #
#.#....#....#...#.............. #
+......#....#.#.#............).
###......#.##'#...#####.########.
........##.##........##>#### #.


You could see a death knight (reflects damage).

Vanquished Creatures
  Gastronok (D:10)
  A rakshasa (D:9)
  A hydra (D:12)
  A boulder beetle (D:11)
  A centaur warrior (D:9)
  4 two-headed ogres
  3 death yaks (D:8)
  Urug (D:12)
  Nergalle (D:12)
  2 deep elf pyromancers
  An orc knight (Bailey)
  A cyclops (D:12)
  Maurice (D:12)
  2 gargoyles (D:10)
  2 komodo dragons
  3 unseen horrors
  Psyche (D:8)
  9 trolls
  A hornet (D:9)
  Sigmund (D:3)
  3 shadows
  A wraith (D:10)
  6 yaks (D:9)
  2 basilisks (D:11)
  A steam dragon (D:9)
  13 vampire mosquitoes
  3 acid dragons
  8 orc warriors
  2 sky beasts (D:6)
  An ice beast (D:5)
  An ogre (D:6)
  A centaur (D:11)
  A necrophage (D:8)
  2 bullfrogs
  2 gnoll sergeants
  2 scorpions
  A wyvern skeleton (D:6)
  A water moccasin skeleton (D:5)
  10 wights
  3 howler monkeys (D:11)
  8 centaur zombies
  3 hounds
  8 orc priests
  Crazy Yiuf (D:2)
  2 centaur skeletons
  Ijyb (D:3)
  An iguana (D:7)
  5 orc wizards
  2 hell rats (D:8)
  A killer bee zombie (D:9)
  A spectral howler monkey (D:10)
  3 howler monkey zombies
  12 gnolls
  6 adders
  2 white imps
  An adder skeleton (D:4)
  3 worms
  3 dart slugs
  39 orcs
  4 bats
  5 endoplasms
  2 giant cockroaches (D:1)
  5 goblins
  A hobgoblin (D:2)
  7 jackals
  6 quokkas
  4 ball pythons
  2 frilled lizards
  A jackal zombie (D:9)
  3 kobolds
  8 rats
252 creatures vanquished.

Vanquished Creatures (others)
  A bullfrog (D:9)
1 creature vanquished.

Grand Total: 253 creatures vanquished

Notes
Turn   | Place    | Note
-------+----------+-------------------------------------------
     0 | D:1      | frimble the Gnoll Ice Elementalist began the quest for the
                  | Orb.
     0 | D:1      | Reached XP level 1. HP: 13/13 MP: 6/6
   275 | D:1      | Reached XP level 2. HP: 17/19 MP: 7/7
  1444 | D:2      | Reached XP level 3. HP: 25/25 MP: 7/9
  1452 | D:2      | Learned a level 3 spell: Frozen Ramparts
  1458 | D:2      | Reached skill level 5 in Spellcasting
  1462 | D:2      | Learned a level 3 spell: Ozocubu's Armour
  1667 | D:2      | Found a faded altar of an unknown god.
  1828 | D:2      | Found a shadowy altar of Dithmenos.
  2044 | D:2      | Reached skill level 1 in Invocations
  2107 | D:2      | Found a runed translucent door.
  2108 | D:2      | Noticed Crazy Yiuf
  2594 | D:2      | HP: 1/25 [Crazy Yiuf (2)]
  2595 | D:2      | Killed Crazy Yiuf
  2596 | D:2      | Reached skill level 1 in Fighting
  2596 | D:2      | Reached skill level 1 in Short Blades
  2596 | D:2      | Reached skill level 1 in Long Blades
  2596 | D:2      | Reached skill level 1 in Axes
  2596 | D:2      | Reached skill level 1 in Maces & Flails
  2596 | D:2      | Reached skill level 1 in Polearms
  2596 | D:2      | Reached skill level 1 in Staves
  2596 | D:2      | Reached skill level 1 in Slings
  2596 | D:2      | Reached skill level 1 in Bows
  2596 | D:2      | Reached skill level 1 in Crossbows
  2596 | D:2      | Reached skill level 1 in Throwing
  2596 | D:2      | Reached skill level 1 in Armour
  2596 | D:2      | Reached skill level 1 in Shields
  2596 | D:2      | Reached skill level 1 in Unarmed Combat
  2596 | D:2      | Reached skill level 1 in Evocations
  2596 | D:2      | Reached XP level 4. HP: 2/32 MP: 1/11
  2975 | D:3      | Noticed Sigmund
  2990 | D:3      | Killed Sigmund
  2991 | D:3      | Reached skill level 1 in Conjurations
  2991 | D:3      | Reached skill level 1 in Hexes
  2991 | D:3      | Reached skill level 1 in Summonings
  2991 | D:3      | Reached skill level 1 in Necromancy
  2991 | D:3      | Reached skill level 1 in Translocations
  2991 | D:3      | Reached skill level 1 in Transmutations
  2991 | D:3      | Reached skill level 1 in Fire Magic
  2991 | D:3      | Reached skill level 1 in Air Magic
  2991 | D:3      | Reached skill level 1 in Earth Magic
  2991 | D:3      | Reached skill level 1 in Poison Magic
  2991 | D:3      | Reached XP level 5. HP: 25/38 MP: 3/12
  2991 | D:3      | Reached XP level 6. HP: 29/44 MP: 3/13
  3581 | D:3      | Reached skill level 5 in Dodging
  3823 | D:3      | Found a broken altar of Ashenzari.
  3823 | D:3      | Noticed Ijyb
  3825 | D:3      | Identified the +4 scale mail of the Salmon {rF+ rCorr}
  3830 | D:3      | Killed Ijyb
  3871 | D:3      | Found a sacrificial altar of Ru.
  3874 | D:3      | Found a hide-covered altar of Uskayaw.
  4471 | D:4      | Reached XP level 7. HP: 10/50 MP: 11/15
  5247 | D:4      | You fall into a shaft and drop 2 floors!
  5253 | D:5      | Entered Level 5 of the Dungeon
  5805 | D:5      | Reached skill level 5 in Stealth
  6235 | D:5      | Reached XP level 8. HP: 56/57 MP: 16/16
  7852 | D:6      | Found a sparkling altar of Nemelex Xobeh.
  7917 | D:6      | Found a faded altar of an unknown god.
  7918 | D:6      | Found a hazy altar of Hepliaklqana.
  8242 | D:7      | Reached XP level 9. HP: 60/65 MP: 18/18
  8288 | D:7      | Found a staircase to the Ecumenical Temple.
  8570 | D:7      | Found a stormy altar of Qazlal.
  8721 | D:7      | Found a white marble altar of Elyvilon.
  8921 | Temple   | Entered the Ecumenical Temple
  9114 | D:8      | Found a flagged portal.
  9124 | Bailey   | Entered a bailey
  9255 | Bailey   | Learned a level 4 spell: Hailstorm
  9273 | Bailey   | Noticed an orc knight
  9284 | Bailey   | Found a large runed translucent door.
  9284 | Bailey   | Found a large runed translucent door.
  9285 | Bailey   | Noticed a deep elf pyromancer
  9440 | Bailey   | Killed an orc knight
  9712 | Bailey   | Killed a deep elf pyromancer
  9713 | Bailey   | Reached skill level 5 in Invocations
  9878 | D:8      | Reached XP level 10. HP: 58/73 MP: 20/20
  9973 | D:8      | Found a staircase to the Lair.
  9973 | D:8      | Noticed a death yak
  9974 | D:8      | Noticed a death yak
  9974 | D:8      | Noticed a death yak
 10117 | D:9      | Found a runed translucent door.
 10119 | D:9      | Found a basalt altar of Yredelemnul.
 10154 | D:9      | Reached skill level 5 in Fighting
 10154 | D:9      | Reached skill level 5 in Short Blades
 10154 | D:9      | Reached skill level 5 in Long Blades
 10154 | D:9      | Reached skill level 5 in Axes
 10154 | D:9      | Reached skill level 5 in Maces & Flails
 10154 | D:9      | Reached skill level 5 in Polearms
 10154 | D:9      | Reached skill level 5 in Staves
 10154 | D:9      | Reached skill level 5 in Slings
 10154 | D:9      | Reached skill level 5 in Bows
 10154 | D:9      | Reached skill level 5 in Crossbows
 10154 | D:9      | Reached skill level 5 in Throwing
 10154 | D:9      | Reached skill level 5 in Armour
 10154 | D:9      | Reached skill level 5 in Shields
 10154 | D:9      | Reached skill level 5 in Unarmed Combat
 10154 | D:9      | Reached skill level 5 in Evocations
 10299 | D:9      | Paralysed by a hornet for 3 turns
 10510 | D:9      | Noticed a deep elf pyromancer
 10515 | D:9      | Noticed a centaur warrior
 10530 | D:9      | Killed a centaur warrior
 10576 | D:9      | Noticed a rakshasa
 10635 | D:8      | Noticed Psyche
 10644 | D:8      | Killed Psyche
 10836 | D:8      | Killed a death yak
 10837 | D:8      | Reached XP level 11. HP: 67/81 MP: 11/22
 10843 | D:8      | Killed a death yak
 10886 | D:8      | Killed a death yak
 10887 | D:8      | Reached skill level 5 in Conjurations
 10887 | D:8      | Reached skill level 5 in Hexes
 10887 | D:8      | Reached skill level 5 in Summonings
 10887 | D:8      | Reached skill level 5 in Necromancy
 10887 | D:8      | Reached skill level 5 in Translocations
 10887 | D:8      | Reached skill level 5 in Transmutations
 10887 | D:8      | Reached skill level 5 in Fire Magic
 10887 | D:8      | Reached skill level 5 in Air Magic
 10887 | D:8      | Reached skill level 5 in Earth Magic
 10887 | D:8      | Reached skill level 5 in Poison Magic
 11247 | D:8      | Found a glowing golden altar of the Shining One.
 11307 | D:8      | Found Xuirph's Weapon Shop.
 11683 | D:9      | Killed a deep elf pyromancer
 11852 | D:9      | Killed a rakshasa
 12318 | D:9      | Found a shimmering blue altar of Sif Muna.
 12426 | D:10     | Entered Level 10 of the Dungeon
 12508 | D:10     | Noticed a two-headed ogre
 12512 | D:10     | Killed a two-headed ogre
 12759 | D:10     | Found a snail-covered altar of Cheibriados.
 12943 | D:10     | Found a staircase to the Orcish Mines.
 12962 | D:10     | Noticed Gastronok
 12989 | D:10     | Killed Gastronok
 13038 | D:10     | Found a portal to a secret trove of treasure.
 13141 | D:10     | Reached XP level 12. HP: 80/89 MP: 21/24
 13191 | D:10     | Found a glowing silver altar of Zin.
 13339 | D:10     | Found a bloodstained altar of Trog.
 13878 | D:10     | Became a worshipper of Cheibriados the Contemplative
 13911 | D:11     | Learned a level 1 spell: Apportation
 13975 | D:11     | Noticed a boulder beetle
 14008 | D:11     | Killed a boulder beetle
 14189 | D:11     | Reached * piety under Cheibriados
 14254 | D:11     | Found Pilibale's Distillery.
 14260 | D:11     | Bought a potion of curing for 30 gold pieces
 14260 | D:11     | Bought a potion of ambrosia for 80 gold pieces
 14260 | D:11     | Bought a potion of might for 40 gold pieces
 14260 | D:11     | Bought a potion of lignification for 30 gold pieces
 14474 | D:11     | Found a runed translucent gate.
 14475 | D:11     | Found a runed translucent gate.
 14475 | D:11     | Found a runed translucent gate.
 15024 | D:11     | Found Opraip's General Store.
 15032 | D:11     | Bought a potion of heal wounds for 80 gold pieces
 15171 | D:12     | Noticed a six-headed hydra
 15181 | D:12     | Killed a six-headed hydra
 15241 | D:12     | Noticed a two-headed ogre
 15247 | D:12     | Killed a two-headed ogre
 15344 | D:12     | Noticed a two-headed ogre
 15348 | D:12     | Noticed Urug
 15358 | D:12     | Killed Urug
 15359 | D:12     | Killed a two-headed ogre
 15562 | D:12     | Noticed a two-headed ogre
 15568 | D:12     | Noticed Maurice
 15571 | D:12     | Killed a two-headed ogre
 15582 | D:12     | Killed Maurice
 15592 | D:12     | Found a sacrificial altar of Ru.
 15607 | D:12     | Reached XP level 13. HP: 90/98 MP: 26/26
 15691 | D:12     | Noticed Nergalle
 15704 | D:12     | Killed Nergalle
 16279 | D:12     | HP: 3/98 [mirror damage (3)]
 16280 | D:12     | Slain by a death knight

Illustrated notes

Levels and vault maps discovered:
D:1:      eino_arrival_tree_alley, layout_loops_ring, minivault_26
D:2:      layout_loops_ring, basic_altar,
          dreamdust_ecumenical_altar_angels_and_demons,
          kennysheep_generic_room_3, uniq_crazy_yiuf_cottage
D:3:      layout_basic, minmay_overflow_temple_star_quad, uniq_sigmund,
          uniq_ijyb
D:4:      layout_basic
D:5:      layout_gridville
D:6:      layout_cave_pools, beargit_hepliaklqana_dungeon_heroes,
          mainiacjoe_overflow_alcove_2
D:7:      layout_basic, general_overflow_altar, mainiacjoe_overflow_chevrons,
          minmay_temple_entry_enclosed_plants
D:8:      layout_loops_ring, nicolae_tso_swordbearing_angel, dpeg_lair_monsters,
          enter_bailey_6, serial_shops, nicolae_shop_statue_plus, uniq_psyche
D:9:      layout_basic, dk_yredelemnul_ordeal, nicolae_sif_muna_little_library,
          serial_glass, glass_columns_c, glass_columns_a, glass_columns_c,
          glass_columns_a
D:10:     layout_stronghold, nicolae_overflow_hidden_temple,
          mainiacjoe_overflow_alcove_4, lemuel_doored_altar, orc_0_dummy,
          nicolae_trove_entry_crystal, hangedman_weighted_door, uniq_gastronok
D:11:     layout_basic, ploomutoo_gammafunk_ghost_potion_laboratory,
          serial_shops, shop, shop, minivault_23, st_stairs_5
D:12:     layout_stronghold, nicolae_ru_sacrificial_ziggurat, uniq_urug,
          uniq_nergalle, uniq_maurice
Temple:   nicolae_temple_figure_zero

Skill      XL: |  1  2  3  4  5  6  7  8  9 10 11 12 13 |
---------------+----------------------------------------+-----
Spellcasting   | 5 6 7 8 9 |  9.4
Invocations    | 1 2 3 4 5 6 7 8 |  8.7
Fighting       | 1 2 3 4 5 6 7 |  7.9
Short Blades   | 1 2 3 4 5 6 7 |  7.9
Long Blades    | 1 2 3 4 5 6 7 |  7.9
Axes           | 1 2 3 4 5 6 7 |  7.9
Maces & Flails | 1 2 3 4 5 6 7 |  7.9
Polearms       | 1 2 3 4 5 6 7 |  7.9
Staves         | 1 2 3 4 5 6 7 |  7.9
Slings         | 1 2 3 4 5 6 7 |  7.9
Bows           | 1 2 3 4 5 6 7 |  7.9
Crossbows      | 1 2 3 4 5 6 7 |  7.9
Throwing       | 1 2 3 4 5 6 7 |  7.9
Armour         | 1 2 3 4 5 6 7 |  7.9
Shields        | 1 2 3 4 5 6 7 |  7.9
Unarmed Combat | 1 2 3 4 5 6 7 |  7.9
Evocations     | 1 2 3 4 5 6 7 |  7.9
Conjurations   | 1 2 3 4 5 6 |  6.6
Hexes          | 1 2 3 4 5 6 |  6.6
Summonings     | 1 2 3 4 5 6 |  6.6
Necromancy     | 1 2 3 4 5 6 |  6.6
Translocations | 1 2 3 4 5 6 |  6.6
Transmutations | 1 2 3 4 5 6 |  6.6
Fire Magic     | 1 2 3 4 5 6 |  6.6
Air Magic      | 1 2 3 4 5 6 |  6.6
Earth Magic    | 1 2 3 4 5 6 |  6.6
Poison Magic   | 1 2 3 4 5 6 |  6.6
Dodging        | 5 6 7 8 9 |  9.2
Stealth        | 5 6 7 8 9 |  9.0
Ice Magic      | 8 9 |  9.8

Action                   |  1- 3 |  4- 6 |  7- 9 | 10-12 | 13-15 || total
-------------------------+-------+-------+-------+-------+-------++-------
Melee: Unarmed           |    72 |       |       |       |       ||    72
       Bite              |    10 |     3 |    37 |    85 |     5 ||   140
       Punch             |     4 |       |    11 |    38 |     3 ||    56
       Staff             |    29 |       |       |       |       ||    29
       Quarterstaff      |       |    62 |    70 |       |       ||   132
       Dagger            |       |       |   163 |       |       ||   163
       Flail             |       |       |    50 |    10 |       ||    60
       Scimitar          |       |       |    67 |   443 |       ||   510
       Double sword      |       |       |       |    32 |    28 ||    60
 Cast: Freeze            |    43 |     1 |     2 |       |       ||    46
       Frozen Ramparts   |     1 |     7 |    17 |    31 |     2 ||    58
       Ozocubu's Armour  |     1 |     1 |     8 |    22 |     2 ||    34
       Hailstorm         |       |       |     2 |       |       ||     2
Invok: Bend Time         |       |       |       |     1 |       ||     1
Evoke: Wand              |       |     1 |    10 |     6 |       ||    17
  Use: Scroll            |     5 |     6 |     5 |     9 |     1 ||    26
       Potion            |       |       |     3 |       |     3 ||     6
 Stab: Sleeping          |     8 |     2 |     9 |     7 |     4 ||    30
       Petrifying        |       |     2 |       |       |       ||     2
       Distracted        |       |     1 |       |     1 |       ||     2
Armor: Robe              |    11 |       |       |       |       ||    11
       Leather armour    |    35 |    29 |   198 |       |       ||   262
       Scale mail        |       |       |     9 |   100 |       ||   109
       Troll leather arm |       |       |       |   303 |    16 ||   319
Dodge: Dodged            |   106 |    48 |   274 |   494 |    28 ||   950

Table legend: (Time is in decaauts)
 A = Elapsed time spent in this place.
 B = Non-inter-level travel time spent in this place.
 C = Inter-level travel time spent in this place.
 D = Time resting spent in this place.
 E = Time spent auto-exploring this place.
 F = Levels seen in this place.
 G = Mean time per level.
                   A        B        C        D        E       F      G
               +--------+--------+--------+--------+--------+-----+--------+
         Total |  17083 |  16318 |    765 |    541 |  12879 |  14 | 1220.2 |
       Dungeon |  16275 |  15521 |    754 |    237 |  12721 |  12 | 1356.2 |
        Temple |    123 |    113 |     10 |      0 |    112 |   1 |  123.0 |
        Bailey |    684 |    684 |      0 |    304 |     46 |   1 |  684.0 |
               +--------+--------+--------+--------+--------+-----+--------+

Top non-repeatable levels by time:
    D:11: 1704 daAuts
     D:9: 1513 daAuts
     D:2: 1498 daAuts
    D:10: 1495 daAuts
     D:3: 1415 daAuts
    D:12: 1405 daAuts
     D:1: 1395 daAuts
     D:4: 1358 daAuts
     D:6: 1234 daAuts
     D:8: 1164 daAuts
     D:5: 1093 daAuts
     D:7: 997 daAuts
  Bailey: 684 daAuts
  Temple: 123 daAuts
